 Dungeon Crawl Stone Soup version 0.29-a0-878-g7b45a56547 (webtiles) character file.

Game seed: 9976903526840045746

82259 alksdfjalsdfasdf the Reanimator (level 14, -4/103 HPs)
             Began as a Demigod Necromancer on July 20, 2022.
             Slain by a death yak (21 damage)
             ... on level 5 of the Lair of Beasts.
             The game lasted 01:39:02 (28929 turns).

alksdfjalsdfasdf the Reanimator (DgNe)             Turns: 28929, Time: 01:39:03

Health: -4/103     AC: 19    Str:  9    XL:     14   Next: 89%
Magic:  9/31       EV: 21    Int: 21    God:
Gold:   1522       SH:  0    Dex: 26    Spells: 6/31 levels left

rFire   . . .      SeeInvis .   r - staff of air
rCold   . . .      Faith    .   (no shield)
rNeg    . . .      Spirit   .   k - +2 steam dragon scales
rPois   .          Reflect  .   G - +2 helmet
rElec   +          Harm     .   j - +2 cloak of Negation {rElec}
rCorr   .          Rampage  .   L - +2 pair of gloves
Will    +....                   p - +2 pair of boots
Stlth   +++.......              (no amulet)
HPRegen 0.27/turn               g - ring of wizardry
MPRegen 0.22/turn               (no ring)

@: mighty
A: high MP 1, forlorn, divine attributes
a: no special abilities


You were on level 5 of the Lair of Beasts.
You visited 2 branches of the dungeon, and saw 18 of its levels.
You visited the Abyss 2 times.

You collected 1946 gold pieces.
You spent 424 gold pieces at shops.

Inventory:

Hand Weapons
 a - a +0 shortbow
 b - a +2 dagger of freezing
 H - a +5 great sword
Missiles
 A - 26 poisoned darts
Armour
 j - the +2 cloak of Negation (worn) {rElec}
   (You found it on level 12 of the Dungeon)

   rElec:     It insulates you from electricity.
 k - +2 steam dragon scales (worn)
 p - a +2 pair of boots (worn)
 G - a +2 helmet (worn)
 L - a +2 pair of gloves (worn)
Magical Staves
 r - a staff of air (weapon)
Jewellery
 g - a ring of wizardry (left hand)
 m - an amulet of guardian spirit
 u - a +6 ring of strength
 Q - a +6 ring of strength
Wands
 n - a wand of digging (10)
 E - a wand of mindburst (26)
 M - a wand of iceblast (10)
 N - a wand of flame (7)
 P - a wand of polymorph (17)
 Y - a wand of acid (3)
Scrolls
 e - 4 scrolls of enchant weapon
 i - 4 scrolls of fog
 q - 5 scrolls of vulnerability
 s - 3 scrolls of magic mapping
 t - 3 scrolls of immolation
 v - a scroll of poison
 B - 2 scrolls of amnesia
 C - 5 scrolls of teleportation
 F - 3 scrolls of blinking
 J - a scroll of brand weapon
 T - 3 scrolls of silence
 U - a scroll of fear
Potions
 c - 2 potions of resistance
 d - 4 potions of flight
 f - 7 potions of curing
 h - 2 potions of invisibility
 o - 3 potions of cancellation
 w - 6 potions of haste
 x - 3 potions of might
 z - a potion of lignification
 D - 4 potions of brilliance {unknown}
 I - 2 potions of mutation {unknown}
 O - 4 potions of degeneration {unknown}
Miscellaneous
 l - a box of beasts (inert)


   Skills:
 + Level 3.8 Fighting
 - Level 10.0 Dodging
 - Level 1.7 Stealth
 + Level 9.2 Spellcasting
 - Level 5.0 Hexes
 + Level 10.1 Summonings
 + Level 11.6 Necromancy
 + Level 3.7 Ice Magic
 + Level 10.1 Air Magic
 + Level 3.8 Evocations


You had 6 spell levels left.
You knew the following spells:

 Your Spells              Type           Power      Damage    Failure   Level
a - Ozocubu's Armour      Ice            25%        N/A       1%          3
b - Summon Guardian Gole  Hex/Summ       41%        N/A       1%          3
c - Vampiric Draining     Necr           55%        2d9       1%          3
d - Summon Lightning Spi  Summ/Air       67%        N/A       1%          4
e - Borgnjor's Vile Clut  Necr/Erth      17%        N/A       8%          5
f - Airstrike             Air            34%        0-11+     1%          4
g - Mephitic Cloud        Conj/Pois/Air  35%        N/A       2%          3

Your spell library contained the following spells:

 Spells                   Type           Power      Damage    Failure   Level
 Necrotise                Necr           100%       1d9       1%          1
 Summon Small Mammal      Summ           100%       N/A       1%          1
 Call Imp                 Summ           51%        N/A       1%          2
 Ensorcelled Hibernation  Hex/Ice        56%        N/A       1%          2
 Call Canine Familiar     Summ           51%        N/A       1%          3
 Confusing Touch          Hex            30%        N/A       1%          3
 Swiftness                Air            68%        N/A       1%          3
 Anguish                  Hex/Necr       22%        N/A       1%          4
 Animate Dead             Necr           55%        N/A       1%          4
 Agony                    Necr           55%        N/A       1%          5
 Magic Dart               Conj           36%        1d4       2%          1
 Dazzling Flash           Conj/Hex       40%        N/A       3%          3
 Cause Fear               Hex            15%        N/A       3%          4
 Silence                  Hex/Air        29%        N/A       3%          5
 Passwall                 Tmut/Erth      7%         N/A       4%          2
 Scorch                   Fire           18%        2d6       4%          2
 Summon Cactus Giant      Summ           25%        N/A       7%          6
 Spider Form              Tmut/Pois      9%         N/A       9%          3
 Leda's Liquefaction      Hex/Erth       10%        N/A       10%         4
 Lightning Bolt           Conj/Air       23%        1d38      10%         5
 Metabolic Englaciation   Hex/Ice        14%        N/A       13%         5
 Flame Wave               Conj/Fire      9%         2d5       26%         4
 Iskenderun's Mystic Bla  Conj/Tloc      9%         2d4       26%         4
 Alistair's Intoxication  Tmut/Pois      6%         N/A       58%         5
 Eringya's Noxious Bog    Tmut/Pois      4%         N/A       98%         6
 Starburst                Conj/Fire      4%         6d4       98%         6
 Statue Form              Tmut/Erth      6%         N/A       98%         6
 Spellforged Servitor     Conj/Summ      15%        N/A       95%         7
 Ozocubu's Refrigeration  Ice            12%        4d7       99%         7
 Dragon Form              Tmut           4%         N/A       100%        7
 Orb of Destruction       Conj           4%         9d5       100%        7
 Dragon's Call            Summ           25%        N/A       100%        9


Dungeon Overview and Level Annotations

Branches:
Dungeon (13/15)            Temple (0/1) D:4            Lair (5/5) D:10
  Swamp (0/4) Lair:2       Spider (0/4) Lair:2        Slime (0/5) Lair:4
    Orc (0/2) D:9
 Vaults: D:13-14

Shops:
D:5 ?   D:8 [=?

Annotations:
D:8 exclusion: door
Lair:5 1 runed translucent door


Innate Abilities, Weirdness & Mutations

You have an increased reservoir of magic. (+10% MP)
You shall have no god before yourself.
Your divine heritage dramatically boosts your attributes as you level up.


Message History

You hit the death yak but do no damage.
The death yak is electrocuted!
The death yak is heavily wounded.
The death yak gores you!
You hit the death yak but do no damage.
The death yak is electrocuted.
The death yak is heavily wounded.
The death yak gores you. The death yak barely misses you.
You hit the death yak but do no damage.
The death yak is heavily wounded.
The death yak closely misses you.
You hit the death yak but do no damage.
The death yak is electrocuted!
The death yak is severely wounded.
The death yak gores you!
* * * LOW HITPOINT WARNING * * *
Casting: Airstrike (safe; 1% risk of failure)
Confirm with . or Enter, or press ? or * to list all spells.
Aiming: Vampiric Draining (safe; 1% risk of failure)
Press: ? - help, Shift-Dir - straight line, f - death yak
Aim: a death yak (severely wounded)
You draw life force from the death yak.
You feel life coursing into your body. The death yak closely misses you.
Unknown command.
Unknown command.
Casting: Vampiric Draining (safe; 1% risk of failure)
Confirm with . or Enter, or press ? or * to list all spells.
Aiming: Vampiric Draining (safe; 1% risk of failure)
Press: ? - help, Shift-Dir - straight line, f/p - death yak
Aim: a death yak (severely wounded)
You draw life force from the death yak!
You feel life coursing into your body. The death yak gores you!!
* * * LOW HITPOINT WARNING * * *
Unknown command.
Unknown command.
Casting: Vampiric Draining (safe; 1% risk of failure)
Confirm with . or Enter, or press ? or * to list all spells.
Aiming: Vampiric Draining (safe; 1% risk of failure)
Press: ? - help, Shift-Dir - straight line, f/p - death yak
Aim: a death yak (almost dead)
You draw life force from the death yak.
You feel life coursing into your body. The death yak gores you!!
You die...

.P..........#......###.#+........
.........##...#.#....##..........
.........##.........#####........
.........#.....#......# #........
........##.....#.#...P###........
........##.....#####..##.........
#..###..##P....#...#...#P####.#..
.####...########...#..P### #.#...
...###.## #@Y.#...# #####...
....#..# #†#.#..####.###...
....#..## #......##...PP##..
........# .......#....###........
...#....# #.........### #.#.#.#..
....##.## P.....#....# #.#####..
..###..# ..###.#..### #####...<.
####.#.## . ..#### #.#P..##..
.##.#...# ... #.........


You could see a death yak.

Vanquished Creatures
  Josephine (D:11)
  3 hydras
  Erica (D:10)
  4 death yaks
  Lodul (D:10)
  A lindwurm (Lair:5)
  3 wizards (D:12)
  A deep elf pyromancer (D:12)
  An ugly thing (D:12)
  2 cyclopes
  2 manticores
  Joseph (D:10)
  4 elephants (Lair:5)
  A black mamba (Lair:5)
  2 torpor snails (Lair:5)
  2 cane toads
  A gargoyle (D:10)
  An unseen horror (D:10)
  Maggie (D:10)
  5 komodo dragons
  3 meliai (D:12)
  Prince Ribbit (D:6)
  A troll (D:9)
  3 tyrant leeches (Lair:5)
  4 blink frogs
  3 polar bears (Lair:1)
  2 hornets
  A shadow (D:12)
  3 wyverns
  31 yaks
  2 wraiths
  Menkaure (D:5)
  8 vampire mosquitoes (Lair:2)
  A death yak simulacrum (D:12)
  An acid dragon (D:12)
  11 water moccasins
  2 sky beasts
  An ice beast (D:7)
  2 black bears
  5 ogres
  2 centaurs
  3 wolves (Lair:2)
  3 kobold brigands
  2 phantoms
  8 bullfrogs
  2 gnoll sergeants
  A scorpion (D:5)
  A necrophage (D:7)
  2 two-headed ogre simulacra (D:12)
  2 wights
  4 killer bees
  An electric eel (Lair:2)
  5 howler monkeys
  An orc priest (D:8)
  4 jellies
  2 hounds (D:5)
  3 iguanas
  5 orc wizards
  A polar bear simulacrum (D:12)
  A spriggan simulacrum (D:12)
  8 gnolls
  5 adders
  A naga simulacrum (D:12)
  5 shadow imps
  A white imp (D:5)
  A dart slug (D:3)
  11 orcs
  9 bats
  3 endoplasms
  3 giant cockroaches
  5 goblins
  5 hobgoblins
  4 jackals (D:1)
  15 kobolds
  2 quokkas
  3 ball pythons
  A frilled lizard (D:1)
  4 rats
263 creatures vanquished.

Vanquished Creatures (collateral kills)
  5 two-headed ogres
  2 hydras
  2 death yaks (Lair:5)
  11 elephants (Lair:5)
  2 black mambas
  3 torpor snails (Lair:5)
  2 cane toads
  2 rime drakes
  A komodo dragon (Lair:3)
  2 polar bears
  4 hornets (Lair:5)
  A tarantella (Lair:2)
  4 slime creatures (D:12)
  A shadow (D:11)
  4 wraiths (D:11)
  A wyvern (Lair:5)
  26 yaks
  A steam dragon (Lair:1)
  2 water moccasins
  A black bear (Lair:1)
  3 ogres (D:10)
  2 bullfrogs (Lair:3)
  5 wights
  An orc wizard (D:10)
  A troll simulacrum (D:12)
  A gnoll (D:5)
  A naga simulacrum (D:12)
  3 orcs
  A hobgoblin (D:2)
  2 kobolds
97 creatures vanquished.

Vanquished Creatures (others)
  A dire elephant (Lair:5)
  2 elephants (Lair:5)
  A cane toad (Lair:2)
  A tyrant leech (Lair:5)
  A hornet (Lair:5)
  6 yaks
  A wyvern (Lair:5)
  2 two-headed ogre zombies (D:11)
  2 water moccasins
  An orc warrior (D:10)
  An ogre (D:10)
  4 wights
  10 yak zombies
  An orc wizard (D:10)
  4 ogre zombies (D:10)
  A gnoll (D:10)
  19 fungi
  26 plants
84 creatures vanquished.

Grand Total: 444 creatures vanquished

Notes
Turn   | Place    | Note
-------+----------+-------------------------------------------
     0 | D:1      | alksdfjalsdfasdf the Demigod Necromancer began the quest
                  | for the Orb.
     0 | D:1      | Reached XP level 1. HP: 14/14 MP: 5/5
   324 | D:1      | Reached XP level 2. HP: 5/20 MP: 0/7
   907 | D:1      | Reached skill level 4 in Necromancy
  1608 | D:2      | Reached XP level 3. HP: 26/26 MP: 5/9
  3219 | D:4      | Found a staircase to the Ecumenical Temple.
  3277 | D:4      | Reached XP level 4. HP: 29/33 MP: 5/11
  3535 | D:4      | Noticed a phantom
  3553 | D:4      | Killed a phantom
  3554 | D:4      | Reached skill level 5 in Necromancy
  3554 | D:4      | Reached XP level 5. HP: 16/38 MP: 11/13
  3560 | D:4      | Learned a level 3 spell: Summon Guardian Golem
  3564 | D:4      | Learned a level 3 spell: Vampiric Draining
  4362 | D:5      | Entered Level 5 of the Dungeon
  4695 | D:5      | Noticed a water moccasin
  4700 | D:5      | Killed a water moccasin
  4701 | D:5      | Reached skill level 1 in Hexes
  4701 | D:5      | Reached skill level 1 in Summonings
  4701 | D:5      | Reached XP level 6. HP: 38/45 MP: 10/15
  4851 | D:5      | Noticed Menkaure
  5350 | D:6      | Reached skill level 6 in Necromancy
  5350 | D:6      | Reached XP level 7. HP: 26/50 MP: 5/16
  6702 | D:5      | Reached skill level 5 in Spellcasting
  6702 | D:5      | Reached XP level 8. HP: 57/57 MP: 13/19
  6931 | D:5      | Killed Menkaure
  7419 | D:5      | Reached skill level 7 in Necromancy
  7437 | D:5      | Found Duiz's Magic Scroll Shop.
  7442 | D:5      | Bought a scroll of vulnerability for 48 gold pieces
  7442 | D:5      | Bought a scroll of fog for 48 gold pieces
  7442 | D:5      | Bought a scroll of teleportation for 36 gold pieces
  7895 | D:7      | Noticed Prince Ribbit
  7915 | D:6      | Killed Prince Ribbit
  8800 | D:7      | Reached XP level 9. HP: 33/62 MP: 15/21
  9293 | D:7      | Learned a level 4 spell: Summon Lightning Spire
  9799 | D:8      | Found Ibev Jau's Magic Scroll Emporium.
  9807 | D:8      | Bought a scroll of brand weapon for 142 gold pieces
  9807 | D:8      | Bought a scroll of teleportation for 45 gold pieces
  9807 | D:8      | Bought a scroll of fear for 60 gold pieces
  9807 | D:8      | Bought a scroll of teleportation for 45 gold pieces
 10010 | D:8      | Reached skill level 5 in Hexes
 10010 | D:8      | Reached skill level 5 in Summonings
 10010 | D:8      | Reached skill level 8 in Necromancy
 10010 | D:8      | Reached skill level 1 in Air Magic
 10035 | D:8      | Found Feho's Jewellery Shop.
 10207 | D:8      | Found Foympad's Armour Boutique.
 11004 | D:9      | Found a staircase to the Orcish Mines.
 11513 | D:9      | Reached XP level 10. HP: 29/69 MP: 8/24
 12799 | D:10     | Entered Level 10 of the Dungeon
 12813 | D:10     | Learned a level 4 spell: Animate Dead
 12818 | D:10     | Learned a level 4 spell: Airstrike
 12832 | D:9      | Learned a level 3 spell: Mephitic Cloud
 12911 | D:10     | Noticed Lodul
 12937 | D:10     | Killed Lodul
 12940 | D:10     | Reached skill level 5 in Air Magic
 12944 | D:10     | Your ally Lodul died
 13330 | D:10     | Noticed Joseph
 13337 | D:10     | Killed Joseph
 13427 | D:10     | Noticed Erica
 13662 | D:11     | Noticed a cyclops
 13666 | D:11     | Killed a cyclops
 13667 | D:11     | Reached skill level 5 in Dodging
 13667 | D:11     | Reached skill level 9 in Necromancy
 13770 | D:11     | Noticed a two-headed ogre
 13785 | D:11     | Noticed a two-headed ogre
 13790 | D:11     | Noticed a two-headed ogre
 13792 | D:11     | Killed a two-headed ogre
 13793 | D:11     | Reached XP level 11. HP: 59/74 MP: 8/25
 13798 | D:11     | Killed a two-headed ogre
 13803 | D:11     | Killed a two-headed ogre
 14288 | D:11     | Noticed Josephine
 14648 | D:10     | HP: 2/74 [yak (12)]
 15038 | D:10     | Found a staircase to the Lair.
 15076 | D:10     | Found a large runed translucent door.
 15077 | D:10     | Found a large runed translucent door.
 15132 | D:10     | Noticed Maggie
 15138 | D:10     | Killed Maggie
 15959 | D:11     | Killed Josephine
 15997 | D:11     | Reached skill level 10 in Necromancy
 16004 | D:11     | Learned a level 5 spell: Borgnjor's Vile Clutch
 16312 | D:11     | Noticed a two-headed ogre
 16318 | D:11     | Killed a two-headed ogre
 17413 | D:12     | Noticed a two-headed ogre
 17419 | D:12     | Killed a two-headed ogre
 17433 | D:12     | Reached XP level 12. HP: 81/81 MP: 3/27
 17492 | Abyss:2  | Cast into level 2 of the Abyss (a wizard)
 17499 | D:12     | Escaped the Abyss
 17703 | D:12     | Got the Handbook of Plaster Cramp
 17732 | Abyss:2  | Cast into level 2 of the Abyss (a wizard)
 17745 | D:12     | Escaped the Abyss
 17941 | D:12     | Got Ts'ui Pên's Vellum of Forking Paths
 18725 | D:12     | Learned a level 3 spell: Ozocubu's Armour
 18943 | D:12     | Noticed an eight-headed hydra
 18979 | D:12     | Identified the +2 cloak of Negation {rElec}
 19865 | Lair:1   | Entered Level 1 of the Lair of Beasts
 19869 | Lair:1   | Noticed a four-headed hydra
 19871 | Lair:1   | Killed a four-headed hydra
 20741 | Lair:1   | Noticed a seven-headed hydra
 20747 | Lair:1   | Killed a seven-headed hydra
 21414 | D:10     | Killed Erica
 22590 | Lair:2   | Reached XP level 13. HP: 86/86 MP: 2/29
 22801 | Lair:2   | Found a staircase to the Swamp.
 22837 | Lair:2   | Reached skill level 11 in Necromancy
 23174 | Lair:2   | Found a hole to the Spider Nest.
 23424 | Lair:3   | Identified the +2 shortbow of Leykh {vorpal, Dex+4}
 24857 | Lair:4   | Found a staircase to the Slime Pits.
 25518 | Lair:5   | Entered Level 5 of the Lair of Beasts
 27125 | Lair:5   | Reached skill level 10 in Dodging
 27125 | Lair:5   | Reached skill level 1 in Evocations
 27390 | Lair:5   | Reached skill level 1 in Fighting
 27921 | Lair:5   | Reached skill level 1 in Ice Magic
 28064 | Lair:5   | Identified a scroll of acquirement
 28069 | Lair:5   | Acquired 423 gold pieces
 28071 | Lair:5   | Reached XP level 14. HP: 102/102 MP: 31/31
 28365 | Lair:5   | Found a runed translucent door.
 28423 | Lair:5   | Reached skill level 10 in Air Magic
 28426 | Lair:5   | Reached skill level 10 in Summonings
 28929 | Lair:5   | Slain by a death yak

Illustrated notes

Levels and vault maps discovered:
D:1:      giann_forest_graveyard, layout_basic, minmay_ruptured
D:2:      layout_basic, basic_altar, ebering_ecumenical_altar_hall
D:3:      layout_rooms, mainiacjoe_overflow_concentric_impassable,
          nicolae_kikubaaqudgha_miasma_corner,
          gammafunk_temple_overflow_elements
D:4:      layout_gridville, minmay_temple_entry_wispy
D:5:      layout_basic, serial_shops, nicolae_shop_statue_plus,
          kennysheep_small_spiral, uniq_menkaure
D:6:      minmay_recursive_quarters, layout_basic, mainiacjoe_overflow_alcove_2,
          minmay_misc_feat_cross
D:7:      layout_gridville, grunt_gozag_breadcrumbs, kennysheep_pointless_box,
          st_stairs_10, uniq_prince_ribbit1
D:8:      layout_gridville, grunt_dithmenos_smoke, serial_shops, shop, shop,
          shop
D:9:      layout_basic, okawaru_altar_gauntlet_db, yredelemnul_altar_generic,
          orc_0_dummy, serial_rivers, chequers_serial_rivers_room_b,
          chequers_serial_rivers_small_a, chequers_serial_rivers_micro_b,
          chequers_serial_rivers_micro_d, reono_crystal_passage
D:10:     layout_irregular_city, jmf_multi_god_temple2, lair_entry_dummy,
          uniq_lodul, uniq_joseph, uniq_maggie, uniq_erica
D:11:     layout_layer_cave, uniq_josephine
D:12:     layout_grid_maze, portal_ice_cave_entry_ice_simulacra,
          bh_hangedman_babel_library
D:13:     layout_basic, nicolae_twisting_strands, uniq_erolcha, uniq_kirke,
          uniq_azrael
Lair:1:   beast_lair_carwin_large_2, layout_hall_layers, minmay_holes
Lair:2:   layout_regular_city, minmay_swamp_entry_swarm,
          spider_nest_entry_rubble, basic_altar, serial_bayou_pond_d,
          wad_woods_road_04, grunt_megastairs_4, infiniplex_staircase_pool
Lair:3:   layout_loops_ring
Lair:4:   layout_cave_pods, slime_entry_1
Lair:5:   wormcave, layout_regular_city, hangedman_lair_in_review

Skill      XL: |  1  2  3  4  5  6  7  8  9 10 11 12 13 14 |
---------------+-------------------------------------------+-----
Spellcasting   | 2 3 4 5 6 7 8 9 |  9.2
Necromancy     | 4 5 6 7 8 9 10 11 | 11.6
Hexes          | 1 2 3 4 5 |  5.0
Summonings     | 1 2 3 4 6 7 8 9 10 | 10.1
Air Magic      | 3 6 8 9 10 | 10.1
Dodging        | 2 5 6 8 10 | 10.0
Evocations     | 3 |  3.8
Fighting       | 3 |  3.8
Ice Magic      | 3 |  3.7
Stealth        | |  1.7

Action                   |  1- 3 |  4- 6 |  7- 9 | 10-12 | 13-15 || total
-------------------------+-------+-------+-------+-------+-------++-------
Melee: Dagger            |    18 |     2 |    11 |   120 |       ||   151
       Shortbow          |       |       |       |     1 |       ||     1
       Staff             |       |       |       |       |   143 ||   143
       Punch             |       |       |       |       |     2 ||     2
 Fire: Sling             |       |    49 |       |       |       ||    49
       Shortbow          |       |       |   148 |    80 |    74 ||   302
Throw: Dart              |       |     6 |       |    14 |     4 ||    24
       Throwing net      |       |       |     2 |       |     1 ||     3
 Cast: Necrotise         |    86 |    51 |   133 |    16 |       ||   286
       Vampiric Draining |       |     6 |    43 |    34 |    21 ||   104
       Summon Guardian G |       |       |     6 |    15 |     9 ||    30
       Airstrike         |       |       |       |   188 |   105 ||   293
       Summon Lightning  |       |       |       |    26 |    23 ||    49
       Animate Dead      |       |       |       |     3 |       ||     3
       Mephitic Cloud    |       |       |       |     2 |     1 ||     3
       Ozocubu's Armour  |       |       |       |       |     1 ||     1
Evoke: Wand              |       |     3 |     1 |    36 |    11 ||    51
       Box of beasts     |       |       |       |       |     1 ||     1
  Use: Scroll            |       |    11 |     4 |    12 |    10 ||    37
       Potion            |       |       |     1 |     7 |     6 ||    14
 Stab: Held in net/web   |       |       |     1 |       |       ||     1
       Confused          |       |       |       |     4 |       ||     4
       Distracted        |       |       |       |     2 |     9 ||    11
       Invisible         |       |       |       |       |     1 ||     1
Armor: Robe              |     8 |     5 |    68 |    23 |       ||   104
       Steam dragon scal |       |       |       |    81 |   180 ||   261
Dodge: Dodged            |    41 |    36 |   127 |   241 |   431 ||   876

Table legend: (Time is in decaauts)
 A = Elapsed time spent in this place.
 B = Non-inter-level travel time spent in this place.
 C = Inter-level travel time spent in this place.
 D = Time resting spent in this place.
 E = Time spent auto-exploring this place.
 F = Levels seen in this place.
 G = Mean time per level.
                   A        B        C        D        E       F      G
               +--------+--------+--------+--------+--------+-----+--------+
         Total |  29210 |  27946 |   1264 |      0 |  24511 |  20 | 1460.5 |
       Dungeon |  21213 |  20128 |   1085 |      0 |  17720 |  13 | 1631.8 |
          Lair |   7977 |   7799 |    178 |      0 |   6790 |   5 | 1595.4 |
         Abyss |     19 |     19 |      0 |      0 |      0 |   2 |    9.5 |
               +--------+--------+--------+--------+--------+-----+--------+

Top non-repeatable levels by time:
    D:10: 3521 daAuts
  Lair:5: 3123 daAuts
    D:12: 2567 daAuts
    D:11: 2139 daAuts
     D:9: 2088 daAuts
     D:6: 1827 daAuts
     D:5: 1810 daAuts
     D:7: 1723 daAuts
  Lair:2: 1540 daAuts
     D:4: 1353 daAuts
  Lair:4: 1349 daAuts
     D:1: 1325 daAuts
     D:2: 1181 daAuts
  Lair:3: 1105 daAuts
     D:8: 1081 daAuts
